 Seeded DCSS version 0.28-a0-959-g12e872d (webtiles) character file.

Game seed: 8233476855331759157 (custom seed)

136 Ayyar the Sneak (level 5, -3/28 HPs)
             Began as a Gargoyle Air Elementalist on Nov 30, 2021.
             Slain by a gnoll (5 damage)
             ... on level 3 of the Dungeon.
             The game lasted 00:17:12 (3140 turns).

Ayyar the Sneak (Gargoyle Air Elementalist)         Turns: 3140, Time: 00:17:13

Health: -3/28      AC:  8    Str: 14    XL:     5   Next: 19%
Magic:  5/9        EV: 12    Int: 15    God:
Gold:   72         SH:  0    Dex: 10    Spells: 8/9 levels left

rFire   . . .      SeeInvis .   (no weapon)
rCold   . . .      Faith    .   (no shield)
rNeg    + . .      Spirit   .   a - +0 robe
rPois   ∞          Reflect  .   g - +1 helmet
rElec   +          Harm     .   (no cloak)
rCorr   .          Rampage  .   (no gloves)
Will    .....                   (no boots)
Stlth   ++........              (no amulet)
HPRegen 0.09/turn               (no ring)
MPRegen 0.11/turn               (no ring)

@: no status effects
A: sickness immunity, AC +4, negative energy resistance 1, electricity
resistance, torment resistance 1, petrification resistance
a: no special abilities


You were on level 3 of the Dungeon.
You visited 1 branch of the dungeon, and saw 3 of its levels.

You collected 72 gold pieces.

Inventory:

Missiles
 d - 3 atropa-tipped darts
Armour
 a - a +0 robe (worn)
 g - a +1 helmet (worn)
Jewellery
 c - a ring of positive energy
Scrolls
 b - 2 scrolls of fog {unknown}
 f - a scroll of teleportation {unknown}
 h - 3 scrolls of identify {unknown}
 i - a scroll of fear {unknown}
 k - a scroll of noise {unknown}
Potions
 e - a potion of brilliance
 j - a potion of degeneration {unknown}
 l - a potion of might {unknown}


   Skills:
 + Level 2.5 Dodging
 + Level 3.5 Stealth
 + Level 2.9 Spellcasting
 + Level 2.7 Conjurations
 - Level 2.4 Air Magic


You had 8 spell levels left.
You knew the following spells:

 Your Spells              Type           Power      Damage    Failure   Level
a - Shock                 Conj/Air       36%        1d5       7%          1

Your spell library contained the following spells:

 Spells                   Type           Power      Damage    Failure   Level
 Static Discharge         Conj/Air       9%         N/A       11%         2
 Swiftness                Air            9%         N/A       22%         3
 Dazzling Flash           Conj/Hex       12%        N/A       34%         3
 Airstrike                Air            4%         N/A       58%         4
 Petrify                  Tmut/Erth      2%         N/A       90%         4
 Irradiate                Conj/Tmut      3%         3d14      97%         5
 Silence                  Hex/Air        2%         N/A       98%         5
 Agony                    Necr           2%         N/A       99%         5
 Sublimation of Blood     Necr           Unusable   N/A       N/A         2

Dungeon Overview and Level Annotations

Branches:
Dungeon (3/15)

Altars:
Fedhas


Innate Abilities, Weirdness & Mutations

You are immune to sickness and miasma.
Your stone body is resilient. (AC +4)
You are immune to poison.
You resist negative energy. (rN+)
You are resistant to electric shocks. (rElec)
You are resistant to unholy torment.
You are immune to petrification.


Message History

A gnoll comes into view. It is wielding a +0 spear.
Aiming: Shock (safe; 7% risk of failure)
Press: ? - help, Q - select action, (/) - cycle Shift-Dir - straight line, f - gnoll, p - gnoll
Aim: a gnoll, wielding a +0 spear (72% to hit)
The zap misses the gnoll.
The zap hits the gnoll.
The gnoll is heavily wounded.
The zap hits the gnoll.
The gnoll is moderately wounded.
The gnoll hits you but does no damage.
There is a stone staircase leading up here.
Aiming: Shock (safe; 7% risk of failure)
Press: ? - help, Q - select action, (/) - cycle Shift-Dir - straight line, f/p - gnoll
Aim: a gnoll, wielding a +0 spear (moderately wounded, 72% to hit)
The zap misses the gnoll.
The gnoll hits you from afar with a +0 halberd!
The gnoll hits you but does no damage.
Aiming: Shock (safe; 7% risk of failure)
Press: ? - help, Q - select action, (/) - cycle Shift-Dir - straight line, f/p - gnoll
Aim: a gnoll, wielding a +0 spear (moderately wounded, 72% to hit)
The zap hits the gnoll but does no damage.
The gnoll is moderately wounded.
The gnoll barely misses you.
The gnoll hits you from afar with a +0 spear.
Aiming: Shock (safe; 7% risk of failure)
Press: ? - help, Q - select action, (/) - cycle Shift-Dir - straight line, f - gnoll, p - gnoll
Aim: a gnoll, wielding a +0 halberd (heavily wounded, 72% to hit)
The zap hits the gnoll.
The gnoll is almost dead.
The gnoll hits you from afar with a +0 halberd!
* * * LOW HITPOINT WARNING * * *
The gnoll hits you from afar with a +0 halberd!
* * * LOW HITPOINT WARNING * * *
The gnoll barely misses you.
Aiming: Shock (safe; 7% risk of failure)
Press: ? - help, Q - select action, (/) - cycle Shift-Dir - straight line, f/p - gnoll
Aim: a gnoll, wielding a +0 halberd (almost dead, 72% to hit)
The zap hits the gnoll.
The gnoll is almost dead.
The gnoll hits you from afar with a +0 halberd.
You die...

..§§## ##§≈...#... ....#
#.....#..# ..≈.## ##.≈...#..#
..≈..## ##..≈...#..# ..≈≈..##
##..≈≈§..#..##.......
...≈≈..###.§§§...##..##.......
#...≈≈....§§§§..##...##.......
##...≈≈≈.≈≈§§§.##....##.......
##.........§.##@....##...... ...
###.........##...g..##..... ..
#.##.......##...gg.....########.
#..###'''###.##.................
#.............#.................
##............................)..
.................................
.................................
............................#....


You could see 3 gnolls.

Vanquished Creatures
  Terence (D:2)
  Robin (D:3)
  3 adders (D:2)
  An ufetubus (D:3)
  A worm (D:2)
  2 dart slugs
  An orc (D:3)
  5 ball pythons
  3 endoplasms
  A giant cockroach (D:2)
  13 goblins
  4 hobgoblins
  2 quokkas
  6 bats
  4 frilled lizards
  7 kobolds
  7 rats
62 creatures vanquished.

Notes
Turn   | Place    | Note
-------+----------+-------------------------------------------
     0 | D:1      | Ayyar the Gargoyle Air Elementalist began the quest for the
                  | Orb.
     0 | D:1      | Reached XP level 1. HP: 10/10 MP: 3/3
   232 | D:1      | Reached XP level 2. HP: 13/15 MP: 0/5
   954 | D:2      | Reached XP level 3. HP: 19/19 MP: 4/6
  1148 | D:2      | Found a blossoming altar of Fedhas.
  1470 | D:2      | Reached skill level 3 in Stealth
  1850 | D:2      | Reached XP level 4. HP: 24/24 MP: 3/7
  2571 | D:3      | Noticed Robin
  2571 | D:3      | Noticed Terence
  2578 | D:3      | Killed Robin
  2813 | D:2      | Killed Terence
  2814 | D:2      | Reached XP level 5. HP: 4/28 MP: 0/9
  3139 | D:3      | HP: 1/28 [gnoll (7)]
  3140 | D:3      | Slain by a gnoll

Illustrated notes

Levels and vault maps discovered:
D:1:      matt_arrival_refuge, layout_rooms, serial_curves, eino_curves_03,
          eino_curves_04
D:2:      layout_loops_corners, basic_altar
D:3:      layout_basic, mainiacjoe_overflow_small_starburst,
          gammafunk_ghost_arena, minivault_4, kennysheep_donut, glass_columns_a,
          uniq_terence, uniq_robin, uniq_natasha

Skill      XL: |  1  2  3 |
---------------+----------+-----
Dodging        | 2 |  2.5
Conjurations   | 2 |  2.7
Stealth        | 3 |  3.5
Spellcasting   | |  2.9
Air Magic      | |  2.4

Action                   |  1- 3 |  4- 6 || total
-------------------------+-------+-------++-------
Melee: Unarmed           |    13 |    14 ||    27
 Cast: Shock             |    84 |    50 ||   134
  Use: Potion            |       |     2 ||     2
Armor: Robe              |     9 |    14 ||    23
Dodge: Dodged            |    16 |    34 ||    50

Table legend: (Time is in decaauts)
 A = Elapsed time spent in this place.
 B = Non-inter-level travel time spent in this place.
 C = Inter-level travel time spent in this place.
 D = Time resting spent in this place.
 E = Time spent auto-exploring this place.
 F = Levels seen in this place.
 G = Mean time per level.
                   A        B        C        D        E       F      G
               +--------+--------+--------+--------+--------+-----+--------+
         Total |   3143 |   3033 |    110 |   1000 |   1563 |   3 | 1047.7 |
       Dungeon |   3143 |   3033 |    110 |   1000 |   1563 |   3 | 1047.7 |
               +--------+--------+--------+--------+--------+-----+--------+

Top non-repeatable levels by time:
     D:2: 1858 daAuts
     D:1: 910 daAuts
     D:3: 374 daAuts
